 Dungeon Crawl Stone Soup version 0.29.0-4-gdea44cf6ec (webtiles) character file.

Game seed: 18071797324301920746

46 qw the Chopper (level 3, 0/21 HPs)
             Began as a Tengu Warper on Aug 28, 2022.
             Slain by an adder (1 damage)
             ... on level 1 of the Dungeon.
             The game lasted 00:00:09 (1779 turns).

qw the Chopper (Tengu Warper)                       Turns: 1779, Time: 00:00:10

Health: 0/21       AC:  3    Str: 13    XL:     3   Next: 66%
Magic:  7/7        EV: 12    Int: 13    God:
Gold:   47         SH:  0    Dex: 13    Spells: 6/6 levels left

rFire   . . .      SeeInvis .   Y - +0 hand axe
rCold   . . .      Faith    .   (no shield)
rNeg    . . .      Spirit   .   b - +0 leather armour
rPois   .          Reflect  .   (helmet restricted)
rElec   .          Harm     .   (no cloak)
rCorr   .          Rampage  .   (no gloves)
Will    .....                   (boots unavailable)
Stlth   +.........              (no amulet)
HPRegen 0.07/turn               (no ring)
MPRegen 0.10/turn               (no ring)

@: no status effects
A: beak, talons 3
a: no special abilities


You were on level 1 of the Dungeon.
You visited 1 branch of the dungeon, and saw 2 of its levels.

You collected 47 gold pieces.


Innate Abilities, Weirdness & Mutations

You have a beak for a mouth.
You have claws for feet.


   Skills:
 - Level 2.0 Fighting
 + Level 4.3 Axes
 - Level 1.0 Throwing
 - Level 1.1 Armour
 - Level 2.1 Dodging
 - Level 2.0 Spellcasting
 - Level 2.4 Translocations


You had 6 spell levels left.
You didn't know any spells.
Your spell library contained the following spells:

 Spells                   Type           Power      Damage    Failure   Level
 Blink                    Tloc           14%        N/A       19%         2
 Gell's Gravitas          Tloc           7%         N/A       36%         3
 Lesser Beckoning         Tloc           7%         N/A       36%         3
 Teleport Other           Tloc           7%         N/A       36%         3
 Manifold Assault         Tloc           7%         N/A       98%         5

Inventory:

Hand Weapons
 j - a +0 whip
 Y - a +0 hand axe (weapon)
Armour
 b - a +0 leather armour (worn)
Potions
 c - a potion of lignification {unknown}
 d - a potion of brilliance {unknown}
 e - a potion of haste {unknown}
 f - a potion of heal wounds {unknown}
 g - a potion of ambrosia {unknown}

Dungeon Overview and Level Annotations

Branches:
Dungeon (2/15)

Altars:
Ashenzari


Message History

The goblin shoots a sling bullet.
The sling bullet hits you but does no damage.
1642 ||| FLEEEEING.
There is an open door here.
1643 ||| FLEEEEING.
1644 ||| FLEEEEING.
You see here 2 stones.
1648 ||| FLEEEEING.
There is a stone staircase leading up here.
1649 ||| STAIRDANCE You climb upwards.
There is a stone staircase leading down here.
You start resting.
HP restored.
Done exploring.
1773 ||| READING scroll labelled OCKITTADWE.
As you read the scroll labelled OCKITTADWE, it crumbles to dust.
You feel momentarily disoriented.
It was a scroll of magic mapping.
Done exploring.
(D) Dungeon
Where to? (* - list waypoints, Enter - D:2, ? - help)
What level of the Dungeon? (default 1, ? - help)
You climb downwards.
The adder bites you.
You are poisoned.
The adder poisons you! The adder bites you.
There is a stone staircase leading up, spattered with blood here.
1776 ||| STAIRDANCE You feel sick.
The adder bites you.
The goblin shoots a sling bullet.
The sling bullet hits you. The adder barely misses you.
You climb upwards.
You feel sick.
There is a stone staircase leading down here.
You slash the adder!
The adder is severely wounded.
You feel sick. The adder bites you but does no damage.
You closely miss the adder. Your kick misses the adder.
The adder is severely wounded.
You feel sick.
You are no longer poisoned.
The adder bites you.
You die...

#.#.# #.#.# #.#.#
###########.#.#
#...........#.#
#.#########.#.#
####.#######.#.#.#
.............#.#.#
...........(...>@#
####.#######.#.#S#
#.# #.#.#.#
####+## #.#.#.#
......# #.#.#.#
......# #.#.#.#
......# #.#.#.#
......######.#.#.#
####.........#.#.#


You could see an adder.

Vanquished Creatures
  3 ball pythons
  5 bats
  5 endoplasms
  A giant cockroach (D:1)
  5 goblins
  4 hobgoblins
  6 jackals
  2 kobolds (D:1)
  2 quokkas (D:1)
  2 frilled lizards (D:1)
  2 rats (D:1)
37 creatures vanquished.

Notes
Turn   | Place    | Note
-------+----------+-------------------------------------------
     0 | D:1      | qw the Tengu Warper began the quest for the Orb.
     0 | D:1      | Reached XP level 1. HP: 12/12 MP: 4/4
     0 | D:1      | 0 ||| qw: Version: 0.1-a-89-g26bdef1
     0 | D:1      | 0 ||| qw: Game counter: 794
     0 | D:1      | 0 ||| qw: Always use a shield: true
     0 | D:1      | 0 ||| qw: God list: Okawaru
     0 | D:1      | 0 ||| qw: Allow faded altars: false
     0 | D:1      | 0 ||| qw: Do Orc after D:15 true
     0 | D:1      | 0 ||| qw: Do second Lair branch before Depths: true
     0 | D:1      | 0 ||| qw: Lair rune preference: random
     0 | D:1      | 0 ||| qw: Plans: Normal
     0 | D:1      | 0 ||| PLANNING D:1-11
   160 | D:1      | Found a faded altar of an unknown god.
   285 | D:1      | Reached XP level 2. HP: 13/17 MP: 6/6
   288 | D:1      | Reached skill level 3 in Axes
   529 | D:1      | 529 ||| Stepping ~*~*~tactically~*~*~ (stealth).
   669 | D:1      | 669 ||| DROPPING +0 club.
  1014 | D:1      | Reached XP level 3. HP: 18/21 MP: 7/7
  1087 | D:1      | 1087 ||| Stepping ~*~*~tactically~*~*~ (stealth).
  1159 | D:1      | 1159 ||| READING scroll labelled KERYAX LOIN.
  1160 | D:1      | 1160 ||| READING scroll labelled PORHUG KULOL.
  1275 | D:1      | 1275 ||| READING scroll labelled AGOF RUCVIQ.
  1276 | D:1      | 1276 ||| READING scroll labelled QIOJIO WEAG.
  1280 | D:1      | 1280 ||| DROPPING scroll of blinking.
  1315 | D:2      | Reached skill level 4 in Axes
  1368 | D:2      | 1368 ||| Stepping ~*~*~tactically~*~*~ (stealth).
  1372 | D:2      | 1372 ||| Stepping ~*~*~tactically~*~*~ (stealth).
  1374 | D:2      | 1374 ||| Stepping ~*~*~tactically~*~*~ (stealth).
  1377 | D:2      | 1377 ||| Stepping ~*~*~tactically~*~*~ (stealth).
  1379 | D:2      | 1379 ||| FLEEEEING.
  1438 | D:2      | 1438 ||| Stepping ~*~*~tactically~*~*~ (stealth).
  1439 | D:2      | 1439 ||| Stepping ~*~*~tactically~*~*~ (stealth).
  1443 | D:2      | Found a broken altar of Ashenzari.
  1555 | D:2      | 1555 ||| FLEEEEING.
  1556 | D:2      | 1556 ||| FLEEEEING.
  1640 | D:2      | 1640 ||| FLEEEEING.
  1641 | D:2      | 1641 ||| FLEEEEING.
  1642 | D:2      | 1642 ||| FLEEEEING.
  1643 | D:2      | 1643 ||| FLEEEEING.
  1644 | D:2      | 1644 ||| FLEEEEING.
  1648 | D:2      | 1648 ||| FLEEEEING.
  1649 | D:2      | 1649 ||| STAIRDANCE
  1773 | D:1      | 1773 ||| READING scroll labelled OCKITTADWE.
  1776 | D:2      | 1776 ||| STAIRDANCE
  1776 | D:2      | HP: 5/21 [goblin/sling bullet (2)]
  1778 | D:1      | HP: 2/21 [poisoned by an adder]
  1779 | D:1      | Slain by an adder

Levels and vault maps discovered:
D:1:      dpeg_arrival_arbitrary_c, layout_basic, basic_ecumenical_altar,
          patterned_corridor
D:2:      layout_basic, basic_altar, chequers_serial_rivers_room_a

Skill      XL: |  1  2  3 |
---------------+----------+-----
Axes           | 3 4 |  4.3
Fighting       | |  2.0
Throwing       | |  1.0
Armour         | |  1.1
Dodging        | |  2.1
Spellcasting   | |  2.0
Translocations | |  2.4

Action                   || total
-------------------------++-------
Melee: Hand axe          ||    80
       Kick              ||    23
       Peck              ||     6
Throw: Boomerang         ||     7
  Use: Scroll            ||     5
 Stab: Distracted        ||     1
Armor: Leather armour    ||    19
Dodge: Dodged            ||    33

Table legend:
 A = Non-vault XP
 B = Vault XP
 C = Vault XP percentage of total XP
 D = Non-vault monster count
 E = Vault monster count
 F = Vault count percentage of total count
                 A         B        C        D         E       F
            +---------+---------+-------+---------+---------+-------
      Total |      66 |       0 |   0.0 |      37 |       0 |   0.0
            +---------+---------+-------+---------+---------+-------
        D:1 |      44 |       0 |   0.0 |      25 |       0 |   0.0
        D:2 |      22 |       0 |   0.0 |      12 |       0 |   0.0
            +---------+---------+-------+---------+---------+-------
